 Dungeon Crawl Stone Soup version 0.25-a0-85-g7617fd2bc2 (webtiles) character file.

Game seed: 8921774934905928485, levelgen mode: deterministic

1960 MrRokkomies the Jinx (level 9, 0/57 HPs)
             Began as a Vampire Enchanter on Nov 8, 2019.
             Was an Initiate of Dithmenos.
             Slain by Harold
             ... wielding a +0 scimitar
              (24 damage)
             ... on level 7 of the Dungeon.
             The game lasted 00:13:19 (5191 turns).

MrRokkomies the Jinx (Vampire Enchanter)            Turns: 5191, Time: 00:13:20

Health: 0/57       AC:  5    Str:  7    XL:     9   Next: 0%
Magic:  20/21      EV: 12    Int: 21    God:    Dithmenos [......]
Gold:   174        SH:  0    Dex: 14    Spells: 2/12 levels left

rFire    . . .     SeeInvis +   a - +3 dagger
rCold    . . .     Gourm    .   (no shield)
rNeg     + . .     Faith    .   w - +2 robe {rN+}
rPois    .         Spirit   .   b - +0 helmet
rElec    .         Reflect  .   (no cloak)
rCorr    .         Harm     .   (no gloves)
MR       .....                  (no boots)
Stlth    ++++......             (no amulet)
HPRegen  0.39/turn              q - ring of magical power
MPRegen  0.17/turn              n - ring of wizardry

@: regenerating quickly
A: no food, fangs 3, see invisible, unbreathing
a: Exsanguinate, Renounce Religion


You were on level 7 of the Dungeon.
You worshipped Dithmenos.
Dithmenos was noncommittal.
You were alive.

You visited 2 branches of the dungeon, and saw 8 of its levels.

You collected 265 gold pieces.
You spent 91 gold pieces at shops.

Inventory:

Hand Weapons
 a - a +3 dagger (weapon)
 r - a +0 hunting sling
Missiles
 c - a throwing net
 f - 204 stones
 j - 23 poisoned darts (quivered)
 o - 67 sling bullets
Armour
 b - a +0 helmet (worn)
 w - a +2 robe of positive energy (worn)
Jewellery
 n - a ring of wizardry (right hand)
 q - a ring of magical power (left hand)
Wands
 y - a wand of iceblast (14)
 B - a wand of paralysis (6)
Scrolls
 g - 2 scrolls of teleportation
 s - 2 scrolls of enchant weapon
 t - a scroll of fog
 z - a scroll of enchant armour
 A - a scroll of identify
 C - a scroll of noise {unknown}
Potions
 d - a potion of agility
 e - 2 potions of invisibility
 h - 2 potions of haste
 i - a potion of flight {unknown}
 k - 2 potions of might
 l - 3 potions of lignification {unknown}
 m - 4 potions of heal wounds
 p - 3 potions of curing
 u - a potion of berserk rage {unknown}
 v - 3 potions of brilliance
 x - a potion of ambrosia {unknown}


   Skills:
 * Level 8.1 Short Blades
 - Level 2.1 Dodging
 + Level 9.3 Stealth
 - Level 2.0 Spellcasting
 * Level 11.3 Hexes


You had 2 spell levels left.
You knew the following spells:

 Your Spells              Type           Power        Failure   Level  Hunger
a - Blink                 Tloc           N/A          9%          2    N/A
b - Ensorcelled Hibernat  Hex/Ice        ####..       1%          2    N/A
c - Confuse               Hex            #####...     1%          3    N/A
d - Tukima's Dance        Hex            #####...     1%          3    N/A

Your spell library contained the following spells:

 Spells                   Type           Power        Failure   Level  Hunger
 Corona                   Hex            #####..      1%          1    N/A
 Slow                     Hex            #####...     1%          2    N/A
 Magic Dart               Conj           #...         6%          1    N/A
 Call Imp                 Summ           #.......     9%          2    N/A
 Dazzling Spray           Conj/Hex       ####..       1%          3    N/A
 Conjure Flame            Conj/Fire      #.......     17%         3    N/A
 Mephitic Cloud           Conj/Pois/Air  #.......     17%         3    N/A

Dungeon Overview and Level Annotations

Branches:
Dungeon (7/15)             Temple (1/1) D:6

Altars:
Ashenzari
Cheibriados
Dithmenos
Elyvilon
Fedhas
Gozag
Hepliaklqana
Kikubaaqudgha
Makhleb
Nemelex Xobeh
Okawaru
Qazlal
Ru
Sif Muna
Trog
Uskayaw
Vehumet
Xom
Yredelemnul
Zin
The Shining One
Jiyva

Shops:
D:4 !   D:7 ?(

Annotations:
D:6 1 runed translucent door, TimeIsEndless's ghost, novice OpAE
D:7 Harold


Innate Abilities, Weirdness & Mutations

You do not eat.
Your natural rate of healing is unusually fast.
You have razor-sharp teeth.
You have supernaturally acute eyesight. (SInv)
You can survive without breathing.


Message History

You strike the helpless Harold from behind!
You impale Harold!! You bite Harold, but do no damage.
Harold is severely wounded.
The howler monkey hoots and howls with incredible vigour!
You hit Harold but do no damage.
Harold is severely wounded.
The howler monkey misses you. The howler monkey hits you.
You hit Harold. You bite Harold, but do no damage.
Harold is severely wounded.
The howler monkey completely misses you.
The howler monkey misses you. The howler monkey barely misses you.
Harold hits you with a +0 scimitar!
You hit Harold but do no damage. You bite Harold, but do no damage.
Harold is severely wounded.
The howler monkey closely misses you.
You hit Harold but do no damage.
Harold is severely wounded.
The howler monkey hits you. The howler monkey closely misses you.
Harold hits you with a +0 scimitar!!
You die...

##.....###.....###.....##
#...$...#...=...#.......#
#.......#...)...#...†...#
#
#....$..#.......#.......#
#.
#...?.###.....###.....##
#.. #...# ##...## ##...##.
#..##'#######'#######'##..
#......h.(..............#
#......h@...............#
#......h@...............#
####+#######'#######'####
##...## ##...##
##.....###.....##
#.......#.......#
#.......#.......#
#.†.....#.......#
##.....###.....##


You could see Harold (confused) and 3 howler monkeys.

Vanquished Creatures
  Edmund (D:5)
  Duvessa (D:7)
  A necrophage (D:6)
  2 phantoms
  An ice beast (D:6)
  3 ogres
  4 centaurs
  3 bullfrogs
  Dowan (D:7)
  A centaur zombie (D:5)
  A bullfrog zombie (D:6)
  A crimson imp (D:6)
  2 centaur skeletons
  An orc priest (D:4)
  An orc wizard (D:5)
  Jessica (D:2)
  3 iguanas
  3 worker ants
  4 gnolls
  6 adders
  A shadow imp (D:5)
  An ooze (D:2)
  2 adder skeletons
  4 leopard geckos
  12 orcs
  6 giant cockroaches
  9 goblins
  3 hobgoblins
  8 jackals
  7 quokkas
  2 ball pythons
  3 bats
  7 frilled lizards
  7 kobolds
  A leopard gecko skeleton (D:7)
  A quokka skeleton (D:4)
  5 rats
  A bush (D:6)
121 creatures vanquished.

Notes
Turn   | Place    | Note
-------+----------+-------------------------------------------
     0 | D:1      | MrRokkomies the Vampire Enchanter began the quest for the
                  | Orb.
     0 | D:1      | Reached XP level 1. HP: 13/13 MP: 3/3
   124 | D:1      | Reached XP level 2. HP: 9/19 MP: 5/5
   166 | D:1      | Learned a level 2 spell: Ensorcelled Hibernation
   347 | D:1      | Reached skill level 5 in Hexes
   524 | D:1      | Reached XP level 3. HP: 24/24 MP: 6/6
   624 | D:2      | Found a sacrificial altar of Ru.
   638 | D:2      | Found an opulent altar of Gozag.
   763 | D:2      | Reached skill level 5 in Stealth
   828 | D:2      | Learned a level 3 spell: Confuse
   911 | D:2      | Noticed Jessica
   921 | D:2      | Killed Jessica
   921 | D:2      | Reached XP level 4. HP: 26/30 MP: 0/7
   956 | D:2      | Found a faded altar of an unknown god.
  1367 | D:3      | Noticed a phantom
  1397 | D:3      | Killed a phantom
  1397 | D:3      | Reached skill level 6 in Hexes
  1397 | D:3      | Reached XP level 5. HP: 33/35 MP: 4/8
  1807 | D:3      | Learned a level 2 spell: Blink
  2145 | D:4      | Reached skill level 7 in Hexes
  2191 | D:4      | Noticed an ogre
  2209 | D:4      | Killed an ogre
  2209 | D:4      | Reached XP level 6. HP: 41/41 MP: 9/9
  2539 | D:4      | Found Fubbiz's Distillery.
  2548 | D:4      | Bought a potion of heal wounds for 65 gold pieces
  2548 | D:4      | Bought 2 potions of degeneration for 26 gold pieces
  2878 | D:5      | Entered Level 5 of the Dungeon
  2901 | D:5      | Found a bloodstained altar of Trog.
  3172 | D:5      | Found a shimmering blue altar of Sif Muna.
  3281 | D:5      | Reached skill level 5 in Short Blades
  3281 | D:5      | Reached skill level 8 in Hexes
  3384 | D:5      | Reached XP level 7. HP: 31/46 MP: 10/10
  3483 | D:5      | Learned a level 3 spell: Tukima's Dance
  3657 | D:5      | Noticed Edmund
  3677 | D:5      | Killed Edmund
  3696 | D:5      | Found an ancient bone altar of Kikubaaqudgha.
  3698 | D:5      | Reached skill level 9 in Hexes
  3913 | D:6      | Reached XP level 8. HP: 46/52 MP: 11/11
  3980 | D:6      | Found a sparkling altar of Nemelex Xobeh.
  4013 | D:6      | Reached skill level 10 in Hexes
  4029 | D:6      | Found a staircase to the Ecumenical Temple.
  4036 | Temple   | Entered the Ecumenical Temple
  4170 | D:6      | Found a runed translucent door.
  4171 | D:6      | Noticed TimeIsEndless's ghost (novice OpAE)
  4241 | D:6      | Found a snail-covered altar of Cheibriados.
  4484 | D:6      | Found a hide-covered altar of Uskayaw.
  4699 | D:6      | Found a hazy altar of Hepliaklqana.
  4700 | D:6      | Found a shimmering altar of Xom.
  4700 | D:6      | Noticed a tyrant leech
  4701 | D:6      | Noticed a tyrant leech
  4701 | D:6      | Noticed a spectral ugly thing
  4729 | D:6      | Found a snail-covered altar of Cheibriados.
  4795 | D:6      | Found a shadowy altar of Dithmenos.
  4795 | D:6      | Found a shattered altar of Ashenzari.
  4800 | D:6      | Became a worshipper of Dithmenos the Shadowed
  4850 | D:7      | Noticed Duvessa
  4851 | D:7      | Noticed Dowan
  4860 | D:7      | Found Vymual's Antique Weapon Emporium.
  4864 | D:7      | Killed Dowan
  4870 | D:7      | Killed Duvessa
  4878 | D:7      | Reached skill level 11 in Hexes
  5046 | D:7      | Found Pigoly's Magic Scroll Emporium.
  5141 | D:7      | Reached XP level 9. HP: 57/57 MP: 12/12
  5162 | D:7      | Noticed Harold
  5191 | D:7      | Slain by Harold

Levels and vault maps discovered:
D:1:      scummos_arrival_star, layout_rooms
D:2:      layout_rooms, lemuel_crystal_altar, chequers_ecumenical_altar_island,
          nicolae_gozag_seed_capital, uniq_jessica
D:3:      layout_loops_ring
D:4:      layout_basic, serial_shops, shop, first_ration
D:5:      layout_loops_ring, bloody_trog, kennysheep_mini,
          nicolae_overflow_hidden_temple, uniq_edmund
D:6:      layout_basic, regret_index_temple_of_mockery, nemelex_altar_shiori,
          old_standard_altar, kennysheep_little_box,
          gammafunk_temple_overflow_statue, temple_green, gammafunk_ghost_grave,
          kb_lookout_dungeons_type, cheibriados_altar_1
D:7:      kennysheep_six_static_rooms, layout_loops_ring,
          nicolae_overflow_crystal_walls, serial_shops, shop, shop, shop,
          uniq_harold, uniq_duvessa, uniq_joseph
Temple:   pf_slime_end_temple

Skill      XL: |  1  2  3  4  5  6  7  8 |
---------------+-------------------------+-----
Short Blades   | 2 3 4 5 6 8 |  8.1
Hexes          | 5 6 7 8 9 11 | 11.3
Stealth        | 5 6 7 9 |  9.3
Dodging        | |  2.1
Spellcasting   | |  2.0

Action                   |  1- 3 |  4- 6 |  7- 9 || total
-------------------------+-------+-------+-------++-------
Melee: Dagger            |    92 |   222 |   318 ||   632
       Bite              |     4 |    14 |    51 ||    69
 Cast: Ensorcelled Hiber |    13 |    25 |    17 ||    55
       Confuse           |       |     8 |    14 ||    22
  Use: Scroll            |     2 |    11 |       ||    13
 Stab: Sleeping          |     9 |    30 |    17 ||    56
       Confused          |       |     6 |    13 ||    19
Armor: Robe              |    15 |    39 |    25 ||    79
Dodge: Dodged            |    57 |   141 |    69 ||   267

Table legend:
 A = Non-vault XP
 B = Vault XP
 C = Vault XP percentage of total XP
 D = Non-vault monster count
 E = Vault monster count
 F = Vault count percentage of total count
                 A         B        C        D         E       F
            +---------+---------+-------+---------+---------+-------
      Total |    2103 |     697 |  24.9 |     111 |       9 |   7.5
            +---------+---------+-------+---------+---------+-------
        D:1 |      45 |       0 |   0.0 |      21 |       0 |   0.0
        D:2 |      40 |      37 |  48.1 |      14 |       1 |   6.7
        D:3 |     160 |       0 |   0.0 |      17 |       0 |   0.0
        D:4 |     312 |       0 |   0.0 |      23 |       0 |   0.0
        D:5 |     421 |     176 |  29.5 |      14 |       1 |   6.7
        D:6 |     950 |     110 |  10.4 |      17 |       1 |   5.6
        D:7 |     175 |     374 |  68.1 |       5 |       6 |  54.5
            +---------+---------+-------+---------+---------+-------
